 Dungeon Crawl Stone Soup version 0.28.0-43-g3370ac3207 (webtiles) character file.

Game seed: 18385052820468056987

160 sking99 the Twirler (level 5, 41/41 HPs)
             Began as a Demonspawn Gladiator on Mar 24, 2022.
             Was an Initiate of Dithmenos.
             Quit the game on level 4 of the Dungeon.
             The game lasted 00:06:22 (4464 turns).

sking99 the Twirler (Demonspawn Gladiator)          Turns: 4464, Time: 00:06:22

Health: 41/41      AC:  9    Str: 16    XL:     5   Next: 17%
Magic:  5/5        EV:  8    Int:  9    God:    Dithmenos [......]
Gold:   114        SH:  5    Dex: 17    Spells: 4/4 levels left

rFire   . . .      SeeInvis .   a - +0 quarterstaff
rCold   . . .      Faith    .   (shield currently unavailable)
rNeg    . . .      Spirit   .   s - +0 chain mail
rPois   .          Reflect  +   c - +0 helmet
rElec   .          Harm     .   (no cloak)
rCorr   .          Rampage  .   (no gloves)
Will    .....                   (no boots)
Stlth   ..........              h - amulet of reflection
HPRegen 0.13/turn               (no ring)
MPRegen 0.09/turn               (no ring)

@: no status effects
A: thin skeletal structure 1, demonic guardian 1
a: Renounce Religion


You were on level 4 of the Dungeon.
You worshipped Dithmenos.
Dithmenos was noncommittal.
You visited 2 branches of the dungeon, and saw 5 of its levels.

You collected 114 gold pieces.

Inventory:

Hand Weapons
 a - a +0 quarterstaff (weapon)
Missiles
 d - 3 throwing nets (quivered)
 r - 14 poisoned darts
Armour
 c - a +0 helmet (worn)
 s - a +0 chain mail (worn)
Jewellery
 h - an amulet of reflection (around neck)
Scrolls
 f - 3 scrolls of identify {unknown}
 g - a scroll of magic mapping {unknown}
 i - a scroll of fog {unknown}
 j - a scroll of enchant weapon {unknown}
 k - a scroll of summoning {unknown}
 l - a scroll of enchant armour {unknown}
 p - a scroll of brand weapon {unknown}
Potions
 e - 2 potions of heal wounds {unknown}
 m - a potion of degeneration {unknown}
 n - 2 potions of flight {unknown}
 o - 2 potions of might {unknown}
 q - a potion of attraction {unknown}


   Skills:
 + Level 3.1 Fighting
 * Level 4.2 Staves
 - Level 1.7 Throwing
 + Level 0.0 Armour
 - Level 3.5 Dodging


You had 4 spell levels left.
You didn't know any spells.
Your spell library was empty.

Dungeon Overview and Level Annotations

Branches:
Dungeon (4/15)             Temple (1/1) D:4

Altars:
Cheibriados
Dithmenos
Elyvilon
Makhleb
Wu Jian
Xom
Yredelemnul
Zin
The Shining One

Annotations:
D:3 1 runed translucent door, diana's ghost, weakling FeIE


Innate Abilities, Weirdness & Mutations

You have a somewhat thin skeletal structure. (Dex +2, Stealth+)
A weak demonic guardian rushes to your aid.


Message History

There is a glowing silver altar of Zin here.
Done exploring.
Done exploring.
Done exploring.
Done exploring.
Press: ? - help, . - travel You can't see that place. [the floor.]
There is a glowing silver altar of Zin here.
You kneel at the altar of Zin.
Zin does not accept worship from those such as you!
There is a shadowy altar of Dithmenos here.
There is a basalt altar of Yredelemnul here.
There is a burning altar of Makhleb here.
There is a basalt altar of Yredelemnul here.
There is a snail-covered altar of Cheibriados here.
There is a glowing golden altar of the Shining One here.
There is a white marble altar of Elyvilon here.
There is an ornate altar of the Wu Jian Council here.
There is an ornate altar of the Wu Jian Council here.
There is a basalt altar of Yredelemnul here.
You kneel at the altar of Yredelemnul.
There is a burning altar of Makhleb here.
There is a shadowy altar of Dithmenos here.
There is an ornate altar of the Wu Jian Council here.
You kneel at the altar of Wu Jian.
There is a shadowy altar of Dithmenos here.
You kneel at the altar of Dithmenos.
Dithmenos welcomes you!
There is a staircase back to the Dungeon here.
You climb upwards.
Welcome back to the Dungeon!
There is a staircase to the Ecumenical Temple here.
Found a stone staircase leading up.
There is a fountain of clear blue water here.
An adder and a ball python come into view.
Found a pair of boots.
The adder hisses angrily.
The ball python hisses angrily.
A ball python comes into view.
There are monsters nearby!
Are you sure you want to abandon this character and quit the game? (Confirm with "yes".)

#....# #.8(.###
#......#
#.8⌠.>.#
######......#
..<....8⌠.###
#####....#
##.### #@#
..[.........S..
......#..######
..S...#...
..... #...#
.S... #...#
.... ##### #+#.


You could see an adder and 2 ball pythons.

Vanquished Creatures
  An orc priest (D:3)
  3 adders
  4 gnolls (D:3)
  A shadow imp (D:3)
  A worm (D:4)
  A dart slug (D:1)
  7 bats
  5 endoplasms
  4 goblins
  2 hobgoblins
  3 quokkas
  6 ball pythons
  A frilled lizard (D:3)
  4 kobolds
  6 rats
49 creatures vanquished.

Vanquished Creatures (collateral kills)
  2 orcs (D:3)
2 creatures vanquished.

Vanquished Creatures (others)
  8 plants (D:3)
8 creatures vanquished.

Grand Total: 59 creatures vanquished

Notes
Turn   | Place    | Note
-------+----------+-------------------------------------------
     0 | D:1      | sking99 the Demonspawn Gladiator began the quest for the
                  | Orb.
     0 | D:1      | Reached XP level 1. HP: 16/16 MP: 1/1
   316 | D:1      | Reached skill level 3 in Staves
   326 | D:1      | Gained mutation: You have a somewhat thin skeletal
                  | structure. (Dex +2, Stealth+) [demonic ancestry]
   326 | D:1      | Reached XP level 2. HP: 22/22 MP: 2/2
   803 | D:1      | Found a faded altar of an unknown god.
  1286 | D:2      | Reached XP level 3. HP: 10/28 MP: 3/3
  2527 | D:3      | Gained mutation: A weak demonic guardian rushes to your
                  | aid. [demonic ancestry]
  2527 | D:3      | Reached XP level 4. HP: 33/34 MP: 4/4
  2825 | D:3      | Found a runed translucent door.
  2825 | D:3      | Noticed a bullfrog
  2832 | D:3      | Noticed diana's ghost (weakling FeIE)
  3112 | D:3      | Reached skill level 4 in Staves
  3124 | D:3      | Reached XP level 5. HP: 18/41 MP: 5/5
  4236 | D:4      | Found a staircase to the Ecumenical Temple.
  4249 | Temple   | Entered the Ecumenical Temple
  4426 | Temple   | Became a worshipper of Dithmenos the Shadowed
  4464 | D:4      | Quit the game

Illustrated notes

Levels and vault maps discovered:
D:1:      kennysheep_arrival_seaside, layout_basic,
          nicolae_ecumenical_snake_handling, minmay_misc_feat_diagonals
D:2:      layout_loops_ring
D:3:      wad_lake_hut, layout_basic, ebering_ghost_sewer_d
D:4:      minmay_clustersquares, layout_basic, cheibrodos_ashenzari_chains,
          minmay_temple_entry_drinking_statues, uniq_crazy_yiuf_cottage,
          uniq_eustachio, uniq_pikel
Temple:   kb_temple_of_zot

Skill      XL: |  1  2  3  4 |
---------------+-------------+-----
Staves         | 3 4 |  4.2
Dodging        | 3 |  3.5
Fighting       | 3 |  3.1
Throwing       | |  1.7

Action                   |  1- 3 |  4- 6 || total
-------------------------+-------+-------++-------
Melee: Quarterstaff      |   114 |    70 ||   184
Throw: Throwing net      |     3 |       ||     3
 Stab: Sleeping          |    10 |     1 ||    11
Armor: Leather armour    |    37 |     6 ||    43
       Chain mail        |       |     2 ||     2
Dodge: Dodged            |    68 |    36 ||   104
Block: Other             |    20 |    11 ||    31
